 Dungeon Crawl Stone Soup version 0.28.0-1-gb440e238dd (webtiles) character file.

Game seed: 15465556098923825208

7846 diecastcamel the Protected (level 11, -5/71 HPs)
             Began as a Gargoyle Fighter on Feb 21, 2022.
             Was an Elder of Okawaru.
             Slain by a boulder beetle (16 damage)
             ... on level 10 of the Dungeon.
             The game lasted 00:54:11 (14257 turns).

diecastcamel the Protected (Gargoyle Fighter)      Turns: 14257, Time: 00:54:12

Health: -5/71      AC: 24    Str: 28    XL:     11   Next: 21%
Magic:  11/11      EV: 10    Int:  9    God:    Okawaru [****..]
Gold:   631        SH:  5    Dex: 11    Spells: 10/10 levels left

rFire   + . .      SeeInvis .   k - +0 morningstar
rCold   . . .      Faith    .   c - +0 buckler
rNeg    + . .      Spirit   .   a - +2 chain mail {rF+}
rPois   ∞          Reflect  .   q - +0 helmet
rElec   +          Harm     .   (no cloak)
rCorr   .          Rampage  .   s - +0 pair of gloves
Will    +....                   (no boots)
Stlth   ..........              (no amulet)
HPRegen 0.21/turn               n - ring of willpower
MPRegen 0.12/turn               e - +6 ring of strength

@: no status effects
A: sickness immunity, AC +8, negative energy resistance 1, electricity
resistance, torment resistance 1, petrification resistance
a: Renounce Religion, Heroism, Finesse


You were on level 10 of the Dungeon.
You worshipped Okawaru.
Okawaru was greatly pleased with you.
You visited 2 branches of the dungeon, and saw 12 of its levels.

You collected 631 gold pieces.

Inventory:

Hand Weapons
 b - a +0 whip
 d - a +2 dagger of electrocution
 k - a +0 morningstar (weapon)
Missiles
 r - 22 poisoned darts (quivered)
Armour
 a - a +2 chain mail of fire resistance (worn)
 c - a +0 buckler (worn)
 q - a +0 helmet (worn)
 s - a +0 pair of gloves (worn)
 y - a +0 plate armour
Jewellery
 e - a +6 ring of strength (right hand)
 j - a +6 ring of intelligence
 m - the ring of Vesaon {rC+ rCorr Str+3}
   (You took it off an orc on level 10 of the Dungeon)

   [ring of resist corrosion]

   Str:       It affects your strength (+3).
   rC:        It protects you from cold.
   rCorr:     It protects you from acid and corrosion.
 n - a ring of willpower (left hand)
Wands
 h - a wand of flame (24)
Scrolls
 p - a scroll of holy word
 t - a scroll of magic mapping
 v - a scroll of silence
Potions
 f - a potion of haste {unknown}
 g - 2 potions of attraction {unknown}
 i - a potion of heal wounds
 l - a potion of ambrosia {unknown}
 o - 3 potions of curing {unknown}
 u - a potion of flight {unknown}
 x - 2 potions of brilliance {unknown}
 z - a potion of lignification {unknown}


   Skills:
 + Level 9.5 Fighting
 + Level 9.3 Maces & Flails
 + Level 9.5 Armour
 + Level 6.7 Dodging
 - Level 5.0 Shields
 + Level 0.1 Invocations


You had 10 spell levels left.
You didn't know any spells.
Your spell library contained the following spells:

 Spells                   Type           Power      Damage    Failure   Level
 Scorch                   Fire           0%         2d5       98%         2
 Flame Wave               Conj/Fire      0%         2d4       100%        4
 Blade Hands              Tmut           0%         N/A       100%        5
 Irradiate                Conj/Tmut      0%         3d14      100%        5
 Eringya's Noxious Bog    Tmut/Pois      0%         N/A       100%        6
 Dragon Form              Tmut           0%         N/A       100%        7
 Summon Forest            Summ/Tloc      Unusable   N/A       N/A         5
 Summon Cactus Giant      Summ           Unusable   N/A       N/A         6
 Summon Hydra             Summ           Unusable   N/A       N/A         7

Dungeon Overview and Level Annotations

Branches:
Dungeon (11/15)            Temple (1/1) D:7             Orc (0/2) D:9
   Lair: D:8-11

Altars:
Dithmenos
Elyvilon
Kikubaaqudgha
Nemelex Xobeh
Okawaru
Qazlal
Trog
Uskayaw
Xom
Yredelemnul
Zin
Beogh

Shops:
D:6 =

Annotations:
D:7 2 transporters
D:11 Grum


Innate Abilities, Weirdness & Mutations

You are immune to sickness and miasma.
Your stone body is resilient. (AC +8)
You are immune to poison.
You resist negative energy. (rN+)
You are resistant to electric shocks. (rElec)
You are resistant to unholy torment.
You are immune to petrification.


Message History

The boulder beetle is heavily wounded.
You block the boulder beetle's attack.
You puncture the boulder beetle!
The boulder beetle is heavily wounded.
The boulder beetle bites you but does no damage.
You puncture the boulder beetle!
The boulder beetle is severely wounded.
The boulder beetle waves its antennae.
The boulder beetle bites you but does no damage.
You hit the boulder beetle.
The boulder beetle is severely wounded.
The boulder beetle bites you!
You hit the boulder beetle.
The boulder beetle is severely wounded.
The boulder beetle misses you.
You thump the boulder beetle!
The boulder beetle is almost dead.
The boulder beetle bites you.
You hit the boulder beetle.
The boulder beetle is almost dead.
The boulder beetle barely misses you.
You hit the boulder beetle.
The boulder beetle is almost dead.
The boulder beetle bites you but does no damage.
You hit the boulder beetle but do no damage.
The boulder beetle is almost dead.
The boulder beetle leaps!
The boulder beetle curls into a ball and begins rolling!
You see here a wolf skeleton.
You hit the boulder beetle but do no damage.
The boulder beetle is almost dead.
The boulder beetle hits you!
* * * LOW HITPOINT WARNING * * *
The boulder beetle stops rolling and uncurls.
You block the boulder beetle's attack.
You hit the boulder beetle but do no damage.
The boulder beetle is almost dead.
The boulder beetle waves its antennae.
The boulder beetle bites you!
You die...

# #.# #.#).....###.##
# #.# #.######.# #.#
## #.###.## #.# #.#
.####.#..#.# #.# #.#
......#.#.## #[# #.#
.#.####.########.# #.#
##.####.# #...##># #.#
......(.###...##÷#
#.###
##.######.......@#
#...#
##.#...<........B#
###.#
...#.####........# #.#
####.# ###...##.# #.#
# #.# #...##.# #.# #
#.# ##.###.# #.# # #.#
#.# #.# #.# ####.##
###.###.#####.########
......#
#....................#


You could see a boulder beetle.

Vanquished Creatures
  Joseph (D:9)
  A gargoyle (D:10)
  Psyche (D:9)
  A troll (D:6)
  Prince Ribbit (D:7)
  2 wyverns
  9 yaks
  A steam dragon (D:10)
  2 acid dragons
  3 water moccasins
  Duvessa (D:7)
  2 sky beasts (D:6)
  11 orc warriors
  2 ice beasts (D:5)
  2 ogres (D:5)
  A wolf (D:10)
  2 centaurs
  2 phantoms
  A scorpion (D:5)
  6 bullfrogs
  A gnoll sergeant (D:5)
  A wyvern skeleton (D:4)
  Dowan (D:7)
  2 water moccasin skeletons (D:5)
  11 killer bees
  3 wights (D:10)
  A centaur zombie (D:7)
  A gnoll shaman (D:5)
  7 orc priests
  A centaur skeleton (D:7)
  4 iguanas
  A bullfrog skeleton (D:7)
  A scorpion zombie (D:5)
  8 orc wizards
  A killer bee zombie (D:8)
  A hound skeleton (D:4)
  Robin (D:2)
  3 adders
  9 gnolls
  A shadow imp (D:6)
  A white imp (D:6)
  An ufetubus (D:7)
  An adder skeleton (D:4)
  A worm (D:1)
  45 orcs
  4 ball pythons
  2 bats (D:2)
  9 endoplasms
  A giant cockroach (D:4)
  20 goblins
  5 hobgoblins
  2 jackals (D:1)
  4 quokkas
  6 frilled lizards
  10 kobolds
  4 rats
227 creatures vanquished.

Vanquished Creatures (collateral kills)
  3 orcs (D:4)
3 creatures vanquished.

Vanquished Creatures (others)
  7 plants (D:4)
7 creatures vanquished.

Grand Total: 237 creatures vanquished

Notes
Turn   | Place    | Note
-------+----------+-------------------------------------------
     0 | D:1      | diecastcamel the Gargoyle Fighter began the quest for the
                  | Orb.
     0 | D:1      | Reached XP level 1. HP: 14/14 MP: 1/1
    58 | D:1      | Reached XP level 2. HP: 12/19 MP: 2/2
   202 | D:1      | Found a faded altar of an unknown god.
   451 | D:1      | Reached XP level 3. HP: 19/23 MP: 3/3
  1435 | D:1      | Reached skill level 1 in Dodging
  1646 | D:2      | Reached XP level 4. HP: 29/29 MP: 4/4
  1964 | D:2      | Noticed Robin
  1979 | D:2      | Killed Robin
  2402 | D:3      | Found a bloodstained altar of Trog.
  2695 | D:3      | Reached XP level 5. HP: 33/33 MP: 5/5
  3027 | D:4      | Noticed a yak
  3048 | D:4      | Noticed a yak
  3365 | D:4      | Noticed a yak
  3384 | D:4      | Reached XP level 6. HP: 16/38 MP: 6/6
  3657 | D:5      | Entered Level 5 of the Dungeon
  4070 | D:5      | Reached XP level 7. HP: 37/44 MP: 7/7
  4151 | D:5      | Reached skill level 5 in Armour
  4200 | D:4      | Reached skill level 5 in Fighting
  4504 | D:5      | Reached skill level 5 in Shields
  4612 | D:5      | Reached XP level 8. HP: 43/50 MP: 8/8
  5283 | D:6      | Noticed a troll
  5298 | D:5      | Reached skill level 5 in Maces & Flails
  5363 | D:6      | Killed a troll
  5709 | D:6      | Found Adenn's Jewellery Shoppe.
  5760 | D:5      | Reached XP level 9. HP: 49/56 MP: 9/9
  6853 | D:7      | Found a staircase to the Ecumenical Temple.
  6858 | Temple   | Entered the Ecumenical Temple
  6866 | Temple   | Became a worshipper of Warmaster Okawaru
  7011 | D:7      | Noticed Prince Ribbit
  7979 | D:7      | Found a transporter.
  7982 | D:7      | Found a transporter.
  8169 | D:7      | Reached * piety under Okawaru
  8170 | D:7      | Reached skill level 5 in Dodging
  8192 | D:7      | Killed Prince Ribbit
  8803 | D:7      | Noticed Duvessa
  8803 | D:7      | Noticed Dowan
  8808 | D:7      | Killed Duvessa
  8822 | D:7      | Killed Dowan
  9124 | D:8      | Reached XP level 10. HP: 16/64 MP: 10/10
  9919 | D:8      | Reached ** piety under Okawaru
 10137 | D:9      | Noticed Psyche
 10156 | D:9      | Killed Psyche
 11069 | D:9      | Noticed Joseph
 11552 | D:9      | Killed Joseph
 11560 | D:9      | Reached *** piety under Okawaru
 12033 | D:9      | Found a staircase to the Orcish Mines.
 12121 | D:10     | Entered Level 10 of the Dungeon
 12165 | D:10     | Noticed a gargoyle
 12624 | D:10     | Reached **** piety under Okawaru
 12631 | D:10     | Reached XP level 11. HP: 60/71 MP: 11/11
 13042 | D:10     | Identified the ring of Vesaon {rC+ rCorr Str+3}
 13919 | D:11     | Noticed a boulder beetle
 13921 | D:11     | Noticed Grum
 14257 | D:10     | Slain by a boulder beetle

Illustrated notes

Levels and vault maps discovered:
D:1:      amcnicky_arrival_double_pillar, layout_rooms,
          dreamdust_ecumenical_altar_statues
D:2:      layout_basic, uniq_robin
D:3:      layout_basic, amcnicky_altar_gilded
D:4:      layout_rooms, serial_forest, infiniplex_forest_lined_2,
          infiniplex_forest_zigzag_1, infiniplex_forest_clump_medium,
          infiniplex_forest_clump_C, infiniplex_forest_clump_cross,
          infiniplex_forest_end_3, infiniplex_forest_lined_room_
D:5:      layout_loops_ring
D:6:      layout_gridville, serial_shops, shop
D:7:      gammafunk_beogh_shrine, layout_layer_cave, temple_doors_cd,
          uniq_prince_ribbit1, uniq_duvessa
D:8:      layout_rooms, special_room [special_room_orc]
D:9:      layout_roguey, david_orc_4, uniq_joseph, uniq_psyche
D:10:     layout_loops_ring
D:11:     layout_basic, erik_lair_dragon, uniq_urug, uniq_grum, uniq_erolcha
Temple:   compressed_dpeg_triangle_lava_temple

Skill      XL: |  1  2  3  4  5  6  7  8  9 10 11 |
---------------+----------------------------------+-----
Dodging        | 1 2 3 4 5 6 |  6.7
Fighting       | 4 5 6 8 9 |  9.5
Armour         | 4 5 6 8 9 |  9.5
Shields        | 4 5 |  5.0
Maces & Flails | 3 4 5 6 8 9 |  9.3
Invocations    | |  0.1

Action                   |  1- 3 |  4- 6 |  7- 9 | 10-12 || total
-------------------------+-------+-------+-------+-------++-------
Melee: Flail             |   116 |       |    62 |       ||   178
       Whip              |    35 |    52 |       |       ||    87
       Dagger            |       |   114 |   356 |    65 ||   535
       Morningstar       |       |       |       |   327 ||   327
Throw: Stone             |     7 |       |       |       ||     7
       Dart              |       |       |    20 |       ||    20
Invok: Heroism           |       |       |       |     3 ||     3
Evoke: Wand              |       |       |    19 |     4 ||    23
  Use: Potion            |       |     1 |       |     4 ||     5
       Scroll            |       |     7 |     4 |     4 ||    15
 Stab: Paralysed         |       |       |     1 |       ||     1
Armor: Scale mail        |    35 |       |       |       ||    35
       Chain mail        |    49 |   129 |   271 |   163 ||   612
       Plate armour      |       |       |       |    39 ||    39
Dodge: Dodged            |    49 |    66 |   171 |   157 ||   443
Block: Buckler           |    39 |    32 |    94 |    83 ||   248
